 Dungeon Crawl Stone Soup version 0.30-a0-576-g89cddaab80 (webtiles) character file.

Game seed: 15981507223410681211

186 Newt the Trooper (level 5, -5/42 HPs)
             Began as a Demonspawn Gladiator on Dec 30, 2022.
             Slain by a mummy (12 damage)
             ... in an ossuary.
             The game lasted 00:04:46 (3376 turns).

Newt the Trooper (Demonspawn Gladiator)             Turns: 3376, Time: 00:04:47

Health: -5/42      AC:  3    Str: 16    XL:     5   Next: 38%
Magic:  5/5        EV: 12    Int: 10    God:
Gold:   119        SH:  0    Dex: 14    Spells: 4/4 levels left

rFire   . . .      SeeInvis .    l - +2 dagger (venom)
rCold   . . .      Faith    .    (no shield)
rNeg    . . .      Spirit   .    b - +0 leather armour
rPois   .          Reflect  .    (helmet restricted)
rElec   .          Harm     .    (no cloak)
rCorr   .          Rampage  .    (no gloves)
Will    .....                    (no boots)
Stlth   ++                       (no amulet)
HPRegen 0.27/turn                (no ring)
MPRegen 0.09/turn                (no ring)

@: mighty, marked
A: horns 2, ignite blood 1
a: no special abilities


You were in an ossuary.
You visited 1 branch of the dungeon, and saw 4 of its levels.
You also visited: Ossuary.

You collected 203 gold pieces.
You spent 84 gold pieces at shops.

Inventory:

Hand Weapons
 a - a +0 rapier
 l - a +2 dagger of venom (weapon)
Missiles
 d - 3 throwing nets (quivered)
Armour
 b - a +0 leather armour (worn)
 c - a +0 helmet
Jewellery
 m - a ring of protection from cold
 o - an amulet of guardian spirit
Scrolls
 f - a scroll of immolation
 g - 2 scrolls of poison
 h - a scroll of identify
 j - a scroll of enchant weapon
 n - 4 scrolls of teleportation
Potions
 k - a potion of degeneration
 p - a potion of haste {unknown}


   Skills:
 - Level 4.0 Fighting
 - Level 4.0 Short Blades
 - Level 1.7 Throwing
 + Level 2.8 Dodging
 - Level 2.0 Stealth


You had 4 spell levels left.
You didn't know any spells.
Your spell library contained the following spells:

 Spells                   Type           Power      Damage    Failure   Level
 Necrotise                Necr           0%         1d4       43%         1
 Gell's Gravitas          Tloc           0%         N/A       80%         3
 Lesser Beckoning         Tloc           0%         N/A       80%         3
 Teleport Other           Tloc           0%         N/A       80%         3
 Vampiric Draining        Necr           0%         2d6       80%         3
 Agony                    Necr           0%         N/A       100%        5


Dungeon Overview and Level Annotations

Branches:
Dungeon (4/15)            Ossuary (1/1)
 Temple: D:4-7

Altars:
Ashenzari

Shops:
D:2 ?


Innate Abilities, Weirdness & Mutations

You have a pair of horns on your head.
Your demonic aura sometimes causes spilled blood to erupt in flames.


Message History

The mummy hits you.
You hit the elf zombie. You headbutt the elf zombie.
Your punch misses the elf zombie.
The elf zombie is moderately damaged.
The elf zombie misses you.
You hit the elf zombie. You headbutt the elf zombie.
The elf zombie is moderately damaged.
The mummy hits you.
You barely miss the elf zombie. You headbutt the elf zombie!
The elf zombie is heavily damaged.
The elf zombie hits you but does no damage.
You barely miss the elf zombie. You headbutt the elf zombie!
The elf zombie is heavily damaged.
The mummy closely misses you.
You hit the elf zombie.
The elf zombie is heavily damaged.
The elf zombie hits you but does no damage.
You hit the mummy but do no damage. The elf zombie hits you.
The mummy barely misses you.
You hit the mummy but do no damage. You hit the mummy.
The mummy is lightly damaged.
The elf zombie hits you.
* * * LOW HITPOINT WARNING * * *
The mummy hits you but does no damage.
Okay, then.
You feel very mighty all of a sudden. The elf zombie closely misses you.
You puncture the mummy!
The mummy is heavily damaged.
The mummy hits you but does no damage.
You hit the mummy but do no damage. You headbutt the mummy!
The mummy is almost destroyed.
The elf zombie barely misses you.
You completely miss the mummy. Your headbutt misses the mummy.
The mummy is almost destroyed.
The elf zombie hits you.
* * * LOW HITPOINT WARNING * * *
The mummy hits you!
You die...

#...##############...#
#...# #... #...# #...#
#...# #...#
#...####+.... #...#
#...#.....∩.# #...#
#...#.......# #...#
#...#......Z# #...#
#...#.....ZZ####.#...#
#...#.....ZMM@ZZZ#...#
#...#.####ZZ####.#...#
#...# #^.# #...# #...#
#^.# #...#
#...######^.######...#
#....................#
#........8..8........#
#....................#
#....................#


You could see 2 mummies, a goblin zombie, a hobgoblin zombie, a kobold zombie, 3
orc zombies, an elf zombie and a human zombie.

Vanquished Creatures
  An orc priest (D:3)
  A mummy (D:4)
  3 gnolls (D:2)
  2 adders (D:2)
  An adder zombie (Ossuary)
  A worm (D:2)
  A dart slug (D:1)
  6 orcs
  6 endoplasms
  2 giant cockroaches (D:2)
  6 goblins
  4 hobgoblins
  3 jackals (D:1)
  9 kobolds
  A quokka (D:1)
  6 ball pythons
  5 bats
  4 frilled lizards
  A goblin zombie (Ossuary)
  13 hobgoblin zombies (Ossuary)
  2 jackal zombies (Ossuary)
  3 kobold zombies (Ossuary)
  5 orc zombies (Ossuary)
  5 rats
  2 rat zombies (Ossuary)
93 creatures vanquished.

Notes
Turn   | Place    | Note
-------+----------+-------------------------------------------
     0 | D:1      | Newt the Demonspawn Gladiator began the quest for the Orb.
     0 | D:1      | Reached XP level 1. HP: 16/16 MP: 1/1
    73 | D:1      | Reached skill level 1 in Stealth
   261 | D:1      | Gained mutation: You have a pair of small horns on your
                  | head. [demonic ancestry]
   261 | D:1      | Reached XP level 2. HP: 16/22 MP: 2/2
   525 | D:1      | Gained mutation: Your demonic aura sometimes causes spilled
                  | blood to erupt in flames. [demonic ancestry]
   525 | D:1      | Reached XP level 3. HP: 24/28 MP: 3/3
  1327 | D:2      | Found Kiadanel's Magic Scroll Shop.
  1332 | D:2      | Bought 3 scrolls of identify for 84 gold pieces
  1387 | D:2      | Gained mutation: You have a pair of horns on your head.
                  | [demonic ancestry]
  1387 | D:2      | Reached XP level 4. HP: 34/37 MP: 4/4
  2021 | D:2      | Reached XP level 5. HP: 39/42 MP: 5/5
  2941 | D:3      | Found a broken altar of Ashenzari.
  3123 | D:4      | Found a sand-covered staircase.
  3134 | Ossuary  | Entered an ossuary
  3376 | Ossuary  | Slain by a mummy

Illustrated notes

Levels and vault maps discovered:
D:1:      lemuel_arrival_river_ford, layout_basic, minmay_misc_feat_nine_boxes,
          minmay_pentomino_p4
D:2:      layout_loops_corners, serial_shops, nicolae_shop_statue_plus
D:3:      layout_basic, nicolae_overflow_hidden_temple
D:4:      layout_loops_ring, gup_ossuary_entry_pyramid, grunt_ministairs_6,
          uniq_natasha
Ossuary:  ossuary_tomb_1

Skill      XL: |  1  2  3  4  5 |
---------------+----------------+-----
Stealth        | 1 2 |  2.0
Fighting       | 3 4 |  4.0
Short Blades   | 3 4 |  4.0
Throwing       | |  1.7
Dodging        | |  2.8

Action                   |  1- 3 |  4- 6 || total
-------------------------+-------+-------++-------
Melee: Rapier            |   103 |       ||   103
       Headbutt          |    21 |    34 ||    55
       Punch             |     1 |     2 ||     3
       Dagger            |    10 |   150 ||   160
Throw: Javelin           |     1 |     2 ||     3
  Use: Scroll            |     2 |     4 ||     6
       Potion            |       |     1 ||     1
 Stab: Sleeping          |     3 |     1 ||     4
Armor: Leather armour    |    28 |    29 ||    57
Dodge: Dodged            |    67 |    73 ||   140

Table legend: (Time is in decaauts)
 A = Elapsed time spent in this place.
 B = Non-inter-level travel time spent in this place.
 C = Inter-level travel time spent in this place.
 D = Time resting spent in this place.
 E = Time spent auto-exploring this place.
 F = Levels seen in this place.
 G = Mean time per level.
                   A        B        C        D        E       F      G
               +--------+--------+--------+--------+--------+-----+--------+
         Total |   3357 |   3242 |    115 |    404 |   2263 |   5 |  671.4 |
       Dungeon |   3132 |   3017 |    115 |    404 |   2163 |   4 |  783.0 |
       Ossuary |    224 |    224 |      0 |      0 |    100 |   1 |  224.0 |
               +--------+--------+--------+--------+--------+-----+--------+

Top non-repeatable levels by time:
     D:3: 1166 daAuts
     D:2: 1008 daAuts
     D:1: 877 daAuts
 Ossuary: 224 daAuts
     D:4: 80 daAuts
